General information
- name: BNet
- type: Ladder team game (AT/RT)
- host: Battle.net
- saver: President.Trump
map: Deadlands
- players: 8
- length: 43:23
- speed: Fast
- version: 1.27 W3XP
- replay type: Public
» download(235 KB)
Players
team 1 (winner)

»
BrOhio (
pink | 61 APM | 1719 actions | 28:20)
5 Mountain King
3 Storm Bolt
2 Bash
4 Paladin
2 Holy Light
2 Divine Shield
» actions
| Assign group hotkey | 47 | |
| Basic commands | 21 | |
| Build / train | 76 | |
| Enter build submenu | 33 | |
| Enter hero's abilities submenu | 9 | |
| Give item / drop item | 9 | |
| Remove unit from queue | 3 | |
| Right click | 640 | |
| Select / deselect | 291 | |
| Select group hotkey | 511 | |
| Use ability | 79 | |
1719 total
» units
| Peasant | 16 | |
| Rifleman | 8 | |
| Goblin Shredder | 1 | |
| Siege Engine | 7 | |
| Flying Machine | 6 | |
38 total
» upgrades
| Gunpowder | 3 | |
| Plating | 3 | |
| Lumber Harvesting | 1 | |
| Long Rifles | 1 | |
| Barrage | 1 | |
9 total
» buildings
| Altar of Kings | 1 | |
| Farm | 13 | |
| Blacksmith | 1 | |
| Scout Tower | 5 | |
| Barracks | 2 | |
| Lumber Mill | 1 | |
| Arcane Tower | 1 | |
| Town Hall | 2 | |
| Keep | 1 | |
| Guard Tower | 3 | |
| Arcane Vault | 1 | |
| Castle | 1 | |
| Workshop | 3 | |
35 total
» build order
00:14 Altar of Kings
00:26 Farm
00:37 Blacksmith
00:57 Scout Tower
01:33 Barracks
01:37 Barracks
01:54 Farm
02:08 Lumber Mill
02:39 Farm
02:52 Arcane Tower
03:23 Farm
04:07 Farm
06:17 Town Hall
06:23 Scout Tower
06:24 Scout Tower
06:28 Scout Tower
06:30 Scout Tower
07:04 Keep
07:24 Guard Tower
07:50 Guard Tower
07:54 Guard Tower
08:04 Arcane Vault
08:57 Farm
10:29 Castle
11:11 Workshop
11:49 Farm
13:04 Workshop
13:35 Workshop
13:38 Farm
13:41 Farm
15:11 Farm
15:22 Farm
15:23 Farm
15:26 Farm
23:11 Town Hall
» items
| Scroll of Regeneration | 2 | |
| Lesser Clarity Potion | 2 | |
| Orb of Fire | 2 | |
| Scroll of Town Portal | 2 | |
| Staff of Sanctuary | 1 | |
9 total
President.Trump (
orange | 101 APM | 4370 actions | 43:23)
6 Archmage
3 Summon Water Elemental
2 Brilliance Aura
1 Mass Teleport
» actions
| Assign group hotkey | 205 | |
| Basic commands | 526 | |
| Build / train | 246 | |
| ESC pressed | 12 | |
| Enter build submenu | 66 | |
| Enter hero's abilities submenu | 6 | |
| Give item / drop item | 12 | |
| Right click | 1407 | |
| Select / deselect | 511 | |
| Select group hotkey | 1103 | |
| Use ability | 276 | |
4370 total
» units
| Peasant | 18 | |
| Footman | 3 | |
| Rifleman | 13 | |
| Goblin Shredder | 4 | |
| Goblin Sapper | 7 | |
| Goblin Zeppelin | 2 | |
| Gryphon Rider | 10 | |
| Dragonhawk Rider | 4 | |
61 total
» upgrades
| Gunpowder | 3 | |
| Masonry | 3 | |
| Long Rifles | 1 | |
| Lumber Harvesting | 2 | |
| Armor | 3 | |
| Animal War Training | 1 | |
| Swords | 3 | |
| Storm Hammers | 1 | |
| Cloud | 1 | |
| Plating | 1 | |
19 total
» buildings
| Farm | 14 | |
| Barracks | 1 | |
| Altar of Kings | 1 | |
| Blacksmith | 1 | |
| Lumber Mill | 1 | |
| Arcane Vault | 2 | |
| Town Hall | 2 | |
| Scout Tower | 53 | |
| Guard Tower | 105 | |
| Keep | 5 | |
| Castle | 2 | |
| Gryphon Aviary | 4 | |
191 total
» build order
01:02 Farm
01:06 Farm
01:09 Barracks
01:20 Altar of Kings
01:39 Blacksmith
01:50 Farm
02:06 Lumber Mill
02:30 Farm
03:13 Arcane Vault
03:49 Farm
04:53 Town Hall
05:07 Scout Tower
05:09 Scout Tower
05:10 Scout Tower
05:12 Scout Tower
05:36 Guard Tower
05:36 Guard Tower
06:03 Keep
06:03 Keep
06:03 Keep
06:03 Keep
06:39 Scout Tower
06:40 Scout Tower
06:43 Guard Tower
06:43 Guard Tower
06:43 Guard Tower
06:43 Guard Tower
06:44 Guard Tower
06:44 Guard Tower
06:44 Guard Tower
07:15 Farm
07:23 Guard Tower
07:23 Guard Tower
07:23 Guard Tower
07:26 Scout Tower
07:27 Scout Tower
07:49 Scout Tower
07:50 Scout Tower
08:02 Guard Tower
08:02 Guard Tower
08:02 Guard Tower
08:51 Guard Tower
08:51 Guard Tower
09:07 Guard Tower
09:20 Scout Tower
09:21 Scout Tower
09:46 Scout Tower
09:47 Scout Tower
09:50 Scout Tower
10:02 Castle
10:23 Guard Tower
10:34 Scout Tower
10:55 Scout Tower
10:59 Scout Tower
11:00 Scout Tower
11:01 Guard Tower
11:01 Guard Tower
11:02 Guard Tower
11:02 Guard Tower
11:26 Guard Tower
11:26 Guard Tower
11:26 Guard Tower
11:29 Guard Tower
11:29 Guard Tower
11:29 Guard Tower
11:32 Scout Tower
11:34 Scout Tower
11:36 Scout Tower
11:39 Scout Tower
11:40 Scout Tower
11:48 Scout Tower
11:50 Scout Tower
11:52 Scout Tower
11:54 Scout Tower
11:55 Scout Tower
12:01 Guard Tower
12:01 Guard Tower
12:02 Guard Tower
12:02 Guard Tower
12:05 Scout Tower
12:08 Scout Tower
12:10 Scout Tower
12:21 Scout Tower
12:23 Guard Tower
12:23 Guard Tower
12:23 Guard Tower
12:25 Guard Tower
12:25 Guard Tower
12:28 Scout Tower
12:31 Scout Tower
12:35 Scout Tower
12:38 Scout Tower
12:40 Scout Tower
12:44 Guard Tower
12:44 Guard Tower
12:44 Guard Tower
12:50 Guard Tower
12:59 Guard Tower
12:59 Guard Tower
12:59 Guard Tower
13:00 Guard Tower
13:11 Guard Tower
13:11 Guard Tower
13:18 Guard Tower
13:18 Guard Tower
13:19 Guard Tower
13:27 Scout Tower
13:27 Guard Tower
13:28 Guard Tower
13:28 Guard Tower
13:31 Scout Tower
13:36 Scout Tower
13:58 Guard Tower
13:58 Guard Tower
14:31 Guard Tower
15:44 Scout Tower
15:45 Scout Tower
15:48 Scout Tower
16:07 Arcane Vault
16:16 Guard Tower
16:16 Guard Tower
16:17 Guard Tower
16:19 Guard Tower
16:19 Guard Tower
16:30 Guard Tower
16:30 Guard Tower
16:32 Guard Tower
16:32 Guard Tower
16:32 Guard Tower
16:32 Guard Tower
16:35 Guard Tower
16:35 Guard Tower
16:35 Guard Tower
16:36 Guard Tower
17:44 Gryphon Aviary
17:45 Gryphon Aviary
18:29 Gryphon Aviary
18:39 Farm
18:40 Farm
18:41 Farm
18:42 Farm
19:34 Farm
19:36 Gryphon Aviary
24:01 Farm
24:01 Farm
24:02 Farm
25:38 Town Hall
25:41 Scout Tower
25:42 Scout Tower
25:43 Scout Tower
25:44 Scout Tower
25:44 Scout Tower
25:45 Scout Tower
25:45 Scout Tower
25:46 Scout Tower
25:47 Scout Tower
31:27 Guard Tower
31:27 Guard Tower
» items
| Mechanical Critter | 3 | |
| Scroll of Regeneration | 4 | |
| Staff of Sanctuary | 1 | |
| Scroll of Town Portal | 1 | |
| Staff of Teleportation | 3 | |
12 total
celobox (
red | 48 APM | 1259 actions | 26:05)
6 Death Knight
2 Death Coil
3 Unholy Aura
1 Animate Dead
5 Dark Ranger
3 Black Arrow
2 Life Drain
» actions
| Assign group hotkey | 22 | |
| Build / train | 85 | |
| Enter build submenu | 26 | |
| Enter hero's abilities submenu | 11 | |
| Give item / drop item | 4 | |
| Right click | 457 | |
| Select / deselect | 195 | |
| Select group hotkey | 387 | |
| Use ability | 72 | |
1259 total
» units
| Acolyte | 8 | |
| Ghoul | 4 | |
| Crypt Fiend | 13 | |
| Frost Wyrm | 7 | |
| Obsidian Statue | 1 | |
| Goblin Shredder | 1 | |
| Abomination | 3 | |
| Meatwagon | 4 | |
41 total
» upgrades
| Creature Attack | 3 | |
| Creature Carapace | 3 | |
| Unholy Armor | 2 | |
| Unholy Strength | 2 | |
| Web | 1 | |
| Freezing Breath | 1 | |
| Disease Cloud | 1 | |
13 total
» buildings
| Graveyard | 1 | |
| Crypt | 1 | |
| Altar of Darkness | 1 | |
| Ziggurat | 11 | |
| Tomb of Relics | 2 | |
| Necropolis | 1 | |
| Halls of the Dead | 1 | |
| Nerubian Tower | 3 | |
| Spirit Tower | 2 | |
| Black Citadel | 1 | |
| Sacrificial Pit | 1 | |
| Slaughterhouse | 2 | |
| Boneyard | 1 | |
28 total
» build order
00:13 Graveyard
00:18 Crypt
00:43 Altar of Darkness
00:59 Ziggurat
01:29 Tomb of Relics
01:45 Ziggurat
03:32 Ziggurat
06:52 Ziggurat
07:15 Necropolis
07:18 Ziggurat
07:20 Ziggurat
07:42 Halls of the Dead
07:46 Nerubian Tower
08:32 Spirit Tower
08:34 Spirit Tower
08:36 Ziggurat
09:37 Nerubian Tower
10:03 Black Citadel
10:27 Tomb of Relics
10:30 Sacrificial Pit
10:48 Slaughterhouse
12:12 Ziggurat
13:39 Boneyard
20:03 Nerubian Tower
21:11 Ziggurat
21:13 Ziggurat
21:53 Ziggurat
21:55 Slaughterhouse
» items
| Rod of Necromancy | 1 | |
| Circlet of Nobility | 1 | |
| Potion of Lesser Invulnerability | 1 | |
| Scroll of Protection | 1 | |
| Scroll of Town Portal | 3 | |
| Orb of Corruption | 2 | |
| Scroll of Healing | 2 | |
11 total
Golmachi (
yellow | 24 APM | 1046 actions | 43:23)
5 Blademaster
3 Wind Walk
2 Critical Strike
» actions
| Assign group hotkey | 37 | |
| Basic commands | 21 | |
| Build / train | 66 | |
| ESC pressed | 7 | |
| Enter build submenu | 69 | |
| Enter hero's abilities submenu | 5 | |
| Right click | 365 | |
| Select / deselect | 280 | |
| Select group hotkey | 104 | |
| Use ability | 92 | |
1046 total
» units
| Peon | 20 | |
| Grunt | 23 | |
| Tauren | 7 | |
| Goblin Shredder | 1 | |
51 total
» upgrades
| Spiked Barricades | 1 | |
| Melee Weapons | 1 | |
| Armor | 1 | |
| Reinforced Defenses | 1 | |
| Pulverize | 1 | |
5 total
» buildings
| Altar of Storms | 2 | |
| Barracks | 1 | |
| Orc Burrow | 12 | |
| War Mill | 3 | |
| Great Hall | 4 | |
| Watch Tower | 31 | |
| Stronghold | 1 | |
| Fortress | 3 | |
| Tauren Totem | 2 | |
| Farm | 3 | |
62 total
» build order
00:11 Altar of Storms
00:12 Barracks
00:41 Orc Burrow
01:54 Orc Burrow
03:02 War Mill
04:17 Great Hall
04:28 Watch Tower
04:53 Orc Burrow
05:08 Orc Burrow
05:17 Watch Tower
05:37 Watch Tower
06:02 Watch Tower
06:14 Watch Tower
06:43 Watch Tower
07:23 Watch Tower
07:36 Watch Tower
07:50 Watch Tower
08:23 Stronghold
08:41 Watch Tower
08:48 Orc Burrow
09:07 Watch Tower
09:42 Watch Tower
10:11 Watch Tower
10:54 Watch Tower
11:20 Fortress
11:20 Fortress
11:20 Fortress
11:50 Watch Tower
12:15 Watch Tower
13:00 Watch Tower
13:09 Watch Tower
14:28 Watch Tower
14:36 Tauren Totem
14:57 Watch Tower
15:39 War Mill
15:54 War Mill
16:01 Watch Tower
17:01 Watch Tower
17:05 Watch Tower
17:38 Watch Tower
18:04 Watch Tower
18:13 Watch Tower
18:43 Watch Tower
18:52 Watch Tower
19:54 Watch Tower
21:05 Watch Tower
22:02 Orc Burrow
22:05 Orc Burrow
22:10 Orc Burrow
22:14 Orc Burrow
25:02 Tauren Totem
25:49 Watch Tower
29:02 Farm
29:03 Farm
29:04 Farm
31:20 Orc Burrow
31:23 Orc Burrow
31:53 Orc Burrow
35:31 Altar of Storms
36:16 Great Hall
37:57 Great Hall
39:45 Great Hall
team 2 (loser)

»
Ventriac87 (
green | 42 APM | 869 actions | 20:35)
3 Mountain King
2 Storm Bolt
1 Bash
1 Paladin
1 Holy Light
» actions
| Assign group hotkey | 19 | |
| Basic commands | 6 | |
| Build / train | 45 | |
| Enter build submenu | 29 | |
| Enter hero's abilities submenu | 4 | |
| Remove unit from queue | 2 | |
| Right click | 321 | |
| Select / deselect | 213 | |
| Select group hotkey | 178 | |
| Use ability | 52 | |
869 total
» units
| Peasant | 7 | |
| Rifleman | 7 | |
| Gryphon Rider | 8 | |
22 total
» upgrades
| Masonry | 1 | |
| Gunpowder | 1 | |
| Swords | 1 | |
| Armor | 1 | |
| Storm Hammers | 1 | |
5 total
» buildings
| Altar of Kings | 1 | |
| Farm | 12 | |
| Blacksmith | 2 | |
| Barracks | 1 | |
| Scout Tower | 6 | |
| Lumber Mill | 1 | |
| Guard Tower | 5 | |
| Keep | 2 | |
| Castle | 1 | |
| Gryphon Aviary | 2 | |
| Arcane Vault | 1 | |
| Town Hall | 1 | |
35 total
» build order
00:21 Altar of Kings
00:51 Farm
01:33 Blacksmith
01:36 Blacksmith
01:41 Barracks
01:47 Farm
02:17 Farm
02:27 Scout Tower
02:40 Lumber Mill
02:57 Farm
03:45 Guard Tower
03:51 Scout Tower
04:17 Keep
04:39 Guard Tower
05:04 Farm
05:50 Farm
07:09 Castle
07:16 Gryphon Aviary
07:33 Gryphon Aviary
08:22 Farm
08:28 Farm
09:01 Farm
09:55 Scout Tower
11:07 Guard Tower
11:12 Arcane Vault
11:39 Farm
11:42 Farm
11:45 Farm
17:10 Town Hall
17:22 Scout Tower
18:25 Scout Tower
18:26 Guard Tower
19:03 Scout Tower
19:04 Guard Tower
» items
SpruceGoose (
purple | 47 APM | 2049 actions | 43:23)
6 Archmage
3 Summon Water Elemental
2 Brilliance Aura
1 Mass Teleport
3 Pandaren Brewmaster
2 Breath of Fire
1 Drunken Brawler
1 Mountain King
1 Bash
1 Naga Sea Witch
1 Forked Lightning
» actions
| Assign group hotkey | 99 | |
| Basic commands | 58 | |
| Build / train | 123 | |
| Enter build submenu | 80 | |
| Enter hero's abilities submenu | 11 | |
| Give item / drop item | 3 | |
| Remove unit from queue | 1 | |
| Right click | 723 | |
| Select / deselect | 494 | |
| Select group hotkey | 225 | |
| Use ability | 232 | |
2049 total
» units
| Peasant | 21 | |
| Footman | 4 | |
| Goblin Shredder | 3 | |
| Goblin Sapper | 2 | |
| Gryphon Rider | 8 | |
38 total
» upgrades
| Masonry | 4 | |
| Swords | 2 | |
| Armor | 2 | |
| Animal War Training | 1 | |
| Storm Hammers | 1 | |
| Cloud | 1 | |
11 total
» buildings
| Altar of Kings | 2 | |
| Barracks | 1 | |
| Farm | 9 | |
| Scout Tower | 61 | |
| Arcane Tower | 1 | |
| Lumber Mill | 3 | |
| Arcane Vault | 2 | |
| Keep | 1 | |
| Town Hall | 3 | |
| Guard Tower | 38 | |
| Castle | 1 | |
| Gryphon Aviary | 4 | |
| Blacksmith | 2 | |
128 total
» build order
00:37 Altar of Kings
00:38 Barracks
00:53 Farm
00:54 Farm
01:05 Farm
01:34 Farm
01:37 Farm
02:11 Scout Tower
03:08 Arcane Tower
03:14 Lumber Mill
03:26 Arcane Vault
04:15 Keep
04:27 Town Hall
04:30 Scout Tower
04:31 Scout Tower
04:32 Scout Tower
04:34 Scout Tower
05:00 Guard Tower
05:02 Guard Tower
05:03 Guard Tower
07:23 Town Hall
07:28 Scout Tower
07:29 Scout Tower
07:29 Scout Tower
07:29 Scout Tower
07:30 Scout Tower
07:31 Scout Tower
07:31 Scout Tower
07:56 Guard Tower
07:56 Guard Tower
07:58 Guard Tower
07:58 Guard Tower
07:58 Guard Tower
08:03 Guard Tower
08:03 Guard Tower
08:06 Scout Tower
08:07 Scout Tower
08:08 Scout Tower
08:10 Scout Tower
08:19 Arcane Vault
08:26 Guard Tower
08:31 Castle
08:59 Guard Tower
09:06 Guard Tower
09:13 Guard Tower
09:15 Guard Tower
09:53 Farm
10:18 Gryphon Aviary
10:19 Gryphon Aviary
10:19 Gryphon Aviary
10:20 Gryphon Aviary
11:00 Blacksmith
11:04 Blacksmith
11:14 Farm
13:12 Scout Tower
13:13 Scout Tower
13:13 Scout Tower
13:14 Scout Tower
13:16 Scout Tower
13:18 Scout Tower
13:19 Scout Tower
13:20 Scout Tower
13:21 Scout Tower
16:00 Guard Tower
20:49 Scout Tower
20:49 Scout Tower
20:50 Scout Tower
20:51 Scout Tower
20:51 Scout Tower
21:22 Scout Tower
21:23 Scout Tower
21:23 Scout Tower
21:24 Scout Tower
21:25 Guard Tower
21:50 Guard Tower
21:50 Guard Tower
21:51 Guard Tower
21:51 Guard Tower
21:52 Guard Tower
21:52 Guard Tower
21:55 Guard Tower
21:55 Guard Tower
21:55 Guard Tower
22:32 Scout Tower
22:32 Scout Tower
22:33 Scout Tower
22:33 Scout Tower
22:35 Guard Tower
22:38 Scout Tower
22:38 Scout Tower
22:39 Scout Tower
22:39 Scout Tower
22:40 Scout Tower
22:40 Scout Tower
23:11 Guard Tower
23:12 Guard Tower
23:18 Guard Tower
23:22 Scout Tower
23:22 Scout Tower
23:23 Scout Tower
23:31 Scout Tower
23:31 Scout Tower
23:31 Scout Tower
23:33 Scout Tower
23:34 Scout Tower
24:54 Guard Tower
24:58 Scout Tower
24:58 Scout Tower
24:59 Scout Tower
24:59 Scout Tower
26:15 Guard Tower
26:18 Lumber Mill
26:27 Lumber Mill
28:45 Guard Tower
31:17 Altar of Kings
31:18 Farm
31:18 Farm
31:33 Town Hall
» items
| Scroll of Regeneration | 4 | |
| Mechanical Critter | 4 | |
| Potion of Healing | 4 | |
| Scroll of Town Portal | 3 | |
| Periapt of Vitality | 1 | |
| Potion of Lesser Invulnerability | 1 | |
| Healing Salve | 1 | |
| Anti-magic Potion | 1 | |
19 total

»
asffsfa (
blue | 59 APM | 1257 actions | 21:21)
4 Goblin Alchemist
2 Chemical Rage
2 Healing Spray
2 Pandaren Brewmaster
1 Breath of Fire
1 Drunken Haze
3 Naga Sea Witch
1 Frost Arrows
2 Forked Lightning
» actions
| Assign group hotkey | 23 | |
| Basic commands | 38 | |
| Build / train | 59 | |
| Enter build submenu | 21 | |
| Enter hero's abilities submenu | 9 | |
| Give item / drop item | 2 | |
| Remove unit from queue | 1 | |
| Right click | 503 | |
| Select / deselect | 312 | |
| Select group hotkey | 243 | |
| Use ability | 46 | |
1257 total
» units
| Wisp | 17 | |
| Archer | 7 | |
| Chimaera | 11 | |
| Gryphon Rider | 2 | |
37 total
» upgrades
» buildings
| Moon Well | 7 | |
| Altar of Elders | 1 | |
| Ancient of War | 1 | |
| Ancient of Wonders | 1 | |
| Tree of Ages | 1 | |
| Hunter's Hall | 1 | |
| Tree of Eternity | 3 | |
| Ancient Protector | 2 | |
| Ancient of Wind | 1 | |
| Chimaera Roost | 2 | |
| Tree of Life | 1 | |
21 total
» build order
00:12 Moon Well
01:23 Altar of Elders
01:31 Ancient of War
01:45 Moon Well
01:53 Ancient of Wonders
02:21 Moon Well
03:21 Tree of Ages
04:03 Hunter's Hall
04:47 Moon Well
05:55 Tree of Eternity
05:55 Tree of Eternity
06:38 Ancient Protector
06:41 Ancient Protector
07:03 Ancient of Wind
08:51 Chimaera Roost
08:52 Chimaera Roost
10:55 Moon Well
10:58 Moon Well
13:05 Moon Well
14:08 Tree of Life
» items
MotherOfDragon (
teal | 54 APM | 1073 actions | 19:51)
1 Blademaster
1 Wind Walk
» actions
| Basic commands | 2 | |
| Build / train | 61 | |
| Enter build submenu | 27 | |
| Enter hero's abilities submenu | 2 | |
| Give item / drop item | 4 | |
| Right click | 796 | |
| Select / deselect | 142 | |
| Use ability | 39 | |
1073 total
» units
| Peon | 21 | |
| Raider | 11 | |
| Shaman | 4 | |
| Kodo Beast | 2 | |
38 total
» upgrades
| Pillage | 1 | |
| Melee Weapons | 2 | |
| Armor | 1 | |
| Spiked Barricades | 2 | |
| Shaman Training | 2 | |
| Ensnare | 1 | |
| War Drums Damage Increase | 1 | |
| Ranged Weapons | 1 | |
11 total
» buildings
| War Mill | 1 | |
| Orc Burrow | 6 | |
| Altar of Storms | 1 | |
| Watch Tower | 8 | |
| Stronghold | 1 | |
| Great Hall | 1 | |
| Fortress | 1 | |
| Beastiary | 4 | |
| Spirit Lodge | 2 | |
| Voodoo Lounge | 1 | |
26 total
» build order
00:10 War Mill
00:16 Orc Burrow
00:24 Altar of Storms
00:39 Orc Burrow
03:09 Watch Tower
04:06 Watch Tower
04:57 Watch Tower
06:01 Watch Tower
06:10 Watch Tower
06:39 Stronghold
06:50 Great Hall
07:18 Watch Tower
07:44 Watch Tower
08:40 Watch Tower
09:03 Fortress
09:12 Beastiary
09:51 Spirit Lodge
10:30 Beastiary
10:42 Orc Burrow
10:52 Voodoo Lounge
11:30 Orc Burrow
15:20 Orc Burrow
15:34 Orc Burrow
19:08 Beastiary
19:13 Beastiary
19:17 Spirit Lodge
» items
| Potion of Healing | 2 | |
| Dust of Appearance | 1 | |
| Anti-magic Potion | 1 | |
| Scroll of Speed | 2 | |
| Potion of Mana | 2 | |
8 total
Chat log
(00:23 / Allies) Golmachi: hey trump build a wall pls
(00:40 / Allies) BrOhio: rifle tank here
(00:41 / Allies) President.Trump: I'll tower the chokes to keep the filthy orcs out
(00:51 / Allies) President.Trump: we need to stop letting orcs into our side of the map until we know what's going on
(01:35 / Allies) Golmachi: that is why i will vote you
(01:56 / Allies) President.Trump: we're gonna wall off the middle and make them pay for it
(02:10 / All) MotherOfDragon: nah man i love trump my favorite asshole
(04:29 / Allies) BrOhio: help clear after please
(04:31 / Allies) President.Trump: kk
(05:30 / All) SpruceGoose: bro
(06:07 / All) SpruceGoose: MHER
(06:08 / All) SpruceGoose: MHER
(06:09 / All) SpruceGoose: MHER
(06:13 / All) SpruceGoose: SUP MHER
(07:14 / All) SpruceGoose: it's celobox like notorious mher
(07:29 / Allies) BrOhio: come
(07:30 / Allies) BrOhio: yellow
(08:15 / Allies) Golmachi: nice
(08:39 / Allies) President.Trump: wood me a bit
(08:42 / Allies) President.Trump: to help tower mid
(09:47 / Allies) BrOhio: lumber ne1?
(10:33 / Allies) Golmachi: they have 2 way to get in
(10:41 / Allies) President.Trump: trump wall wasn't built in a day
(12:50 / Allies) BrOhio: bbb
(12:52 / Allies) Golmachi: get back red
(12:57 / Allies) Golmachi: don't engage
(13:07 / Allies) BrOhio: lumber please
(13:09 / Allies) celobox: woood
(13:12 / Allies) celobox: lumber
(13:29 / Allies) BrOhio: BACK
(14:26 / All) President.Trump: fucking mexicans knocking down this part of the trump wall
(14:42 / All) Ventriac87: trump is trash
(14:45 / Allies) Golmachi: lumber pls
(14:47 / All) President.Trump: who you voting for
(14:50 / All) President.Trump: bernie LOL?
(15:02 / All) MotherOfDragon: TRUMP
(15:08 / All) Ventriac87: I actuall hate Bernie
(15:12 / All) President.Trump: clinton?
(15:12 / All) Golmachi: lol we raped your asses
(15:18 / All) Ventriac87: you had 15 towers?
(15:21 / Allies) Golmachi: lumbe pls
(15:23 / Allies) celobox: eoood
(15:47 / Allies) BrOhio: lets meet up
(16:10 / Allies) celobox: lumber
(16:13 / Allies) celobox: wooos]
(16:34 / Allies) celobox: ty
(16:40 / Allies) BrOhio: MEET ALL
(17:53 / All) Golmachi: die mexicans scums
(19:29 / Allies) Golmachi: wait
(19:33 / Allies) Golmachi: go
(20:10 / All) Golmachi: green how you passed the wall
(20:24 / All) Ventriac87: haha
(20:26 / All) President.Trump: Mexicans will find a way
(20:28 / All) President.Trump: it's not foolproof
(20:29 / All) Ventriac87: i had to sprint
(20:39 / Allies) President.Trump: wood me
(21:08 / All) President.Trump: I think some people may be missing documentation here
(22:12 / Allies) President.Trump: do you all have the proper documentation?
(22:18 / Allies) President.Trump: do you have proof of citizenship pink
(22:27 / Allies) BrOhio: ?
(22:35 / Allies) President.Trump: do you have proof of citizenship? no hablo english?
(22:50 / Allies) President.Trump: provide proof immediately
(22:53 / Allies) Golmachi: don't tk trump stop
(22:59 / Allies) President.Trump: I think pink is a mexican
(23:05 / Allies) Golmachi: we need pink to win
(23:06 / Allies) President.Trump: are you gonna defend mexicans?
(23:25 / All) President.Trump: I think pink is an illegal
(23:28 / All) President.Trump: and yellow is defending him
(23:34 / All) President.Trump: no one on my team will provide proper citizenship documentation
(23:36 / All) President.Trump: when asked
(24:12 / Allies) Golmachi: purp
(24:13 / Allies) Golmachi: idiot
(24:22 / Allies) President.Trump: you're all fucking illegals
(24:35 / Allies) BrOhio: TKING YOU RED
(24:35 / Allies) President.Trump: I asked for documentation
(24:35 / Allies) BrOhio: BACK
(24:38 / Allies) President.Trump: and none of you will provide it
(25:07 / All) President.Trump: I'm gonna tear down this wall
(25:11 / All) President.Trump: THE REAL MEXICANS ARE ON MY SIDE
(25:37 / Allies) Golmachi: he gonna tk right now
(25:41 / Allies) Golmachi: holy shit
(25:49 / Allies) President.Trump: Listen up
(25:54 / Allies) President.Trump: I'll stop if you can provide proper proof of entry of country
(26:03 / Allies) President.Trump: and your birth certificates and all the necessary proof you're USA citizens
(26:10 / Allies) Golmachi: i will give you print if you help destroy purp
(26:22 / Allies) President.Trump: print?
(26:33 / Allies) President.Trump: you manufacture citizenships for illegals like pink, red and yourself?
(26:57 / Allies) Golmachi: nah we are americans like you
(27:04 / Allies) President.Trump: yet won't provide proof of citizenship
(28:32 / All) President.Trump: fucking mexicans man
(28:38 / Allies) Golmachi: you tked
(28:44 / Allies) President.Trump: It's your own fault
(31:05 / All) President.Trump: there's some illegal mexican goods for you purple
(31:08 / All) President.Trump: I siezed them
(33:05 / All) SpruceGoose: kill this fag yellow's hero
(33:12 / All) President.Trump: he's still here?
(33:14 / All) Golmachi: haha
(33:17 / All) SpruceGoose: YEs
(33:22 / All) Golmachi: you know trump is tkin
(33:23 / All) President.Trump: I got like 100 buildings shift queued lawl
(33:35 / All) SpruceGoose: kill his blademaster
(33:51 / All) President.Trump: I'll have to redo the queue
(34:00 / All) SpruceGoose: kill this blademaster
(34:26 / All) President.Trump: well I'll get staff
(34:29 / All) President.Trump: and I can double tp it
(34:36 / All) President.Trump: but I'm not gonna redo that huge shift queue for everything else
(34:57 / All) President.Trump: when you see it I'll staff
(34:59 / All) President.Trump: and mass tp
(35:12 / All) President.Trump: reveal?
(35:23 / All) President.Trump: there
(35:27 / All) SpruceGoose: I'm alt tabbin
(36:34 / Allies) President.Trump: you lose
(36:35 / Allies) President.Trump: out mexican
(38:11 / Allies) President.Trump: you lose
(38:12 / Allies) President.Trump: OUT MEXICAN
(38:27 / Allies) Golmachi: you firs
(39:02 / Allies) Golmachi: lols
(39:02 / Allies) President.Trump: lawl
(39:11 / Allies) Golmachi: this spartan still have tricks
(39:15 / Allies) Golmachi: leave
(39:20 / Allies) President.Trump: why would I leave
(39:21 / Allies) President.Trump: you lose
(39:23 / Allies) President.Trump: I leave when we get DEFEAT
(39:28 / Allies) Golmachi: you are no match for a spartan
(39:39 / Allies) Golmachi: so i will have A GLORIOUS DEATH
(39:48 / Allies) President.Trump: then kill yourself already
(40:00 / Allies) Golmachi: now leave
(40:02 / Allies) Golmachi: you lost
(40:14 / Allies) Golmachi: you don't have hero army or nothin
(40:31 / Allies) President.Trump: I have 80 food
(40:37 / Allies) President.Trump: and it's gonna kill every last building
(41:00 / Allies) Golmachi: you think 80 food can defeat a spartan
(41:05 / Allies) Golmachi: you are a fool
(41:34 / All) President.Trump: fuck this pathfinding
(41:40 / Allies) Golmachi: give up president
(41:42 / Allies) Golmachi: you lost
(41:52 / All) SpruceGoose: what is by my base
(42:43 / All) Golmachi: gg purp
(42:49 / All) President.Trump: We were in this together
(42:50 / All) President.Trump: you lose
(42:51 / All) President.Trump: out